 Dungeon Crawl Stone Soup version 0.27.0-1-g7a089689b8 (webtiles) character file.

Game seed: 2363651672280278751

2517 trckry the Basher (level 9, -7/71 (80) HPs)
             Began as an Ogre Warper on Aug 15, 2021.
             Was an Initiate of Gozag.
             Mangled by a vampire (11 damage)
             ... on level 6 of the Dungeon.
             The game lasted 00:33:49 (11783 turns).

trckry the Basher (Ogre Warper)                    Turns: 11783, Time: 00:33:50

HP:   -7/71 (80)    AC:  4    Str: 25    XL:     9   Next: 54%
MP:   12/12         EV:  9    Int: 15    God:    Gozag
Gold: 412           SH:  0    Dex:  8    Spells: 7/12 levels left

rFire    + . .     SeeInvis .   i - +7 dire flail (drain)
rCold    . . .     Faith    .   (shield currently unavailable)
rNeg     . . .     Spirit   .   k - +1 robe
rPois    .         Reflect  .   (helmet restricted)
rElec    .         Harm     .   (no cloak)
rCorr    .         Rampage  .   (gloves unavailable)
Will     .....                  (boots unavailable)
Stlth    +.........             x - amulet of the acrobat
HPRegen  0.21/turn              o - +6 ring of strength
MPRegen  0.13/turn              t - ring of protection from fire

@: heavily drained
A: large, unfitting armour, tough skin 1
a: Renounce Religion, Potion Petition, Call Merchant, Bribe Branch


You were on level 6 of the Dungeon.
You worshipped Gozag.
Gozag was aware of your devotion.
You visited 1 branch of the dungeon, and saw 7 of its levels.

You collected 1277 gold pieces.
You paid 865 gold pieces to Gozag.

Inventory:

Hand Weapons
 a - a +1 flail of protection
 b - a +2 dagger of venom
 i - a +7 dire flail of draining (weapon)
 D - a +3 morningstar of freezing
Missiles
 d - 3 boomerangs of dispersal
 f - 14 poisoned darts (quivered)
 l - 7 boomerangs
 w - 13 javelins
Armour
 k - a +1 robe (worn)
Jewellery
 o - a +6 ring of strength (left hand)
 t - a ring of protection from fire (right hand)
 x - an amulet of the acrobat (around neck)
Wands
 v - a wand of flame (49)
 y - a wand of mindburst (9)
Scrolls
 g - 2 scrolls of fear
 n - 4 scrolls of identify
 p - a scroll of enchant weapon
 s - a scroll of enchant armour
 C - 2 scrolls of magic mapping
Potions
 c - a potion of mutation {unknown}
 e - a potion of curing
 h - 3 potions of resistance {unknown}
 A - a potion of might


   Skills:
 - Level 2.6 Fighting
 * Level 9.6 Maces & Flails
 - Level 1.0 Throwing
 - Level 2.1 Dodging
 - Level 2.4 Spellcasting
 + Level 7.2 Translocations


You had 7 spell levels left.
You knew the following spells:

 Your Spells              Type           Power      Damage    Failure   Level
a - Manifold Assault      Tloc           23%        N/A       30%         5

Your spell library contained the following spells:

 Spells                   Type           Power      Damage    Failure   Level
 Blink                    Tloc           N/A        N/A       1%          2
 Gell's Gravitas          Tloc           11%        N/A       3%          3
 Lesser Beckoning         Tloc           11%        N/A       3%          3
 Teleport Other           Tloc           23%        N/A       3%          3
 Beastly Appendage        Tmut           2%         N/A       22%         1
 Summon Small Mammal      Summ           4%         N/A       22%         1
 Wereblood                Tmut           1%         N/A       32%         2
 Spider Form              Tmut/Pois      0%         N/A       54%         3
 Summon Forest            Summ/Tloc      6%         N/A       80%         5
 Monstrous Menagerie      Summ           0%         N/A       100%        7
 Storm Form               Tmut/Air       0%         N/A       100%        7


Dungeon Overview and Level Annotations

Branches:
Dungeon (7/15)
 Temple: D:4-7

Altars:
Cheibriados
Elyvilon
Gozag
Hepliaklqana
Makhleb
Ru
Uskayaw
Vehumet

Annotations:
D:2 1 runed translucent door, Crazy Yiuf
D:3 1 runed translucent door, esper6's ghost, amateur DsGl


Innate Abilities, Weirdness & Mutations

You are too large for most types of armour.
You have tough skin. (AC +1)


Message History

Found a stone staircase leading down.
A vampire comes into view.
A vampire is nearby!
The vampire casts a spell at you.
You are confused.
Found an escape hatch in the ceiling.
You bump into the rock wall.
You bump into the rock wall.
You barely miss the vampire.
The vampire mumbles some strange words.
The vampire flickers and vanishes!
Deactivating autopickup; reactivate with Ctrl-A.
You miss something.
You feel less confused.
You barely miss something. Something hits you. Something bites you!
Something draws strength from your injuries!
You closely miss something. Something hits you. Something bites you!
Something draws strength from your injuries!
You take 28 damage, and have 43/71 hp.
MASSIVE DAMAGE!!
You barely miss something. Something hits you. Something bites you.
Something draws strength from your injuries!
You take 6 damage, and have 37/71 hp.
You sock something! Something hits you. Something bites you!
Something draws strength from your injuries!
You take 12 damage, and have 25/71 hp.
You impale something!! You miss something.
Something hits you but does no damage. Something bites you.
Something draws strength from your injuries!
You take 1 damage, and have 24/71 hp.
You hit something. Something hits you.
* * * LOW HITPOINT WARNING * * *
Something bites you!
* * * LOW HITPOINT WARNING * * *
Something draws strength from your injuries!
You take 14 damage, and have 10/71 hp.
You hit something. Something hits you!
* * * LOW HITPOINT WARNING * * *
Something bites you!
You die...
Your body crumbles into a pile of gold.

######## ........##
##### .<.#
#@########## #....
..###{........#
#.###
#.#.########.# #.#
#... #.## #.###.###
#..#
#.#########........
#(.#
................###
#(.#
##.#############.#
# #..# ..# #.# #
#(.# ### #.# #


There were no monsters in sight!

Vanquished Creatures
  A cyclops (D:5)
  Grinder (D:6)
  Edmund (D:6)
  2 water moccasins
  A black bear (D:5)
  2 ogres
  A centaur (D:6)
  A phantom (D:5)
  Blork the orc (D:4)
  A bullfrog (D:6)
  A howler monkey (D:3)
  A centaur zombie (D:5)
  A jelly (D:6)
  A bullfrog zombie (D:6)
  4 hounds
  A centaur skeleton (D:6)
  A gnoll shaman (D:2)
  3 orc priests (D:5)
  An iron imp (D:4)
  Terence (D:3)
  Natasha (thrice) (D:2)
  3 orc wizards
  A hound skeleton (D:4)
  28 gnolls
  8 adders
  A dart slug (D:3)
  22 orcs
  10 ball pythons
  3 bats
  4 endoplasms
  3 giant cockroaches
  10 hobgoblins
  26 jackals
  3 quokkas
  3 frilled lizards (D:2)
  5 goblins
  8 kobolds
  9 rats
177 creatures vanquished.

Vanquished Creatures (others)
  6 fungi
  15 plants
  3 toadstools (D:6)
24 creatures vanquished.

Grand Total: 201 creatures vanquished

Notes
Turn   | Place    | Note
-------+----------+-------------------------------------------
     0 | D:1      | trckry the Ogre Warper began the quest for the Orb.
     0 | D:1      | Reached XP level 1. HP: 22/22 MP: 3/3
    65 | D:1      | Reached skill level 2 in Maces & Flails
    76 | D:1      | Got the Guide on the Entourage
   248 | D:1      | Reached XP level 2. HP: 11/29 MP: 5/5
   969 | D:1      | Reached XP level 3. HP: 29/36 MP: 6/6
  1615 | D:2      | Found a runed translucent door.
  1616 | D:2      | Noticed Crazy Yiuf
  1694 | D:2      | Reached skill level 3 in Maces & Flails
  1882 | D:2      | Noticed Natasha
  1895 | D:2      | Killed Natasha
  1896 | D:2      | Reached XP level 4. HP: 22/44 MP: 7/7
  2222 | D:2      | Noticed Natasha
  2526 | D:2      | Killed Natasha
  2652 | D:2      | Found a faded altar of an unknown god.
  2703 | D:2      | Noticed Natasha
  2714 | D:2      | Killed Natasha
  2715 | D:2      | Reached XP level 5. HP: 24/50 MP: 8/8
  2916 | D:2      | Reached skill level 4 in Maces & Flails
  3572 | D:3      | Found a sacrificial altar of Ru.
  3670 | D:2      | Became a worshipper of Gozag Ym Sagoz the Greedy
  3851 | D:3      | Found a runed translucent door.
  3858 | D:3      | Noticed esper6's ghost (amateur DsGl)
  4061 | D:3      | Learned a level 5 spell: Manifold Assault
  4167 | D:3      | Reached XP level 6. HP: 59/59 MP: 9/9
  4212 | D:3      | Reached skill level 5 in Maces & Flails
  4925 | D:3      | Noticed Terence
  5050 | D:3      | Reached XP level 7. HP: 57/66 MP: 10/10
  5437 | D:3      | Killed Terence
  5933 | D:2      | Reached skill level 6 in Maces & Flails
  6281 | D:3      | Reached skill level 5 in Translocations
  6803 | D:4      | Found a snail-covered altar of Cheibriados.
  6947 | D:4      | Found a hide-covered altar of Uskayaw.
  7217 | D:4      | Noticed Blork the orc
  7231 | D:4      | Killed Blork the orc
  7232 | D:4      | Reached XP level 8. HP: 39/74 MP: 11/11
  7478 | D:5      | Entered Level 5 of the Dungeon
  7756 | D:5      | Found a radiant altar of Vehumet.
  7783 | D:5      | Found a burning altar of Makhleb.
  7811 | D:5      | Reached skill level 7 in Maces & Flails
  8525 | D:5      | Found a hazy altar of Hepliaklqana.
  9295 | D:6      | Reached skill level 8 in Maces & Flails
  9573 | D:6      | Noticed a cyclops
 10382 | D:5      | HP: 9/74 [cyclops (15)]
 10396 | D:5      | Killed a cyclops
 10397 | D:5      | Reached skill level 9 in Maces & Flails
 10397 | D:5      | Reached XP level 9. HP: 29/80 MP: 12/12
 10842 | D:6      | HP: 10/80 [orc warrior (13)]
 11202 | D:6      | Found a white marble altar of Elyvilon.
 11296 | D:6      | Noticed Grinder
 11306 | D:6      | Noticed Edmund
 11308 | D:6      | Killed Grinder
 11506 | D:6      | HP: 10/69 [Edmund (4)]
 11518 | D:6      | Killed Edmund
 11782 | D:6      | HP: 10/71 [something (10)]
 11783 | D:6      | HP: 4/71 [something (7)]
 11783 | D:6      | Mangled by a vampire

Illustrated notes

Levels and vault maps discovered:
D:1:      scummos_arrival_checkerplants, layout_loops_corners,
          minmay_misc_feat_five, chequers_mini_garden
D:2:      minmay_diamond_boxcup, layout_loops_ring,
          dilly_ecumenical_altar_fadedgnrine, uniq_natasha,
          uniq_crazy_yiuf_cottage
D:3:      lemuel_castle_with_subvaults [lemuel_castle_interior_carwin_1],
          layout_basic, hangedman_ru_absence, ebering_ghost_sewer_d,
          uniq_terence
D:4:      layout_rooms, general_overflow_altar, slow_altar_2, uniq_blork_the_orc
D:5:      layout_basic, bloody_makhleb, lemuel_coloured_pillars_altar,
          mainiacjoe_overflow_24_doors, lemuel_another_geyser
D:6:      layout_loops_ring, amcnicky_altar_gilded,
          minmay_temple_entry_from_below_a, minmay_gold_behind_fungi,
          kb_rosetta, uniq_edmund, uniq_grinder
D:7:      layout_loops_ring, kennysheep_mini_moat, serial_aquarium,
          aquarium_bridge_square [aquarium_subvault_bridge,
          aquarium_subvault_bridge, aquarium_subvault_bridge,
          aquarium_subvault_bridge], aquarium_window_2, aquarium_window_1,
          aquarium_window_corridor_3, aquarium_view_2a, aquarium_balcony_3a,
          aquarium_pool_corner, serial_bayou_ford_a

Skill      XL: |  1  2  3  4  5  6  7  8  9 |
---------------+----------------------------+-----
Maces & Flails | 2 3 4 5 6 9 |  9.6
Translocations | 3 4 5 6 7 |  7.2
Fighting       | |  2.6
Throwing       | |  1.0
Dodging        | |  2.1
Spellcasting   | |  2.4

Action                   |  1- 3 |  4- 6 |  7- 9 || total
-------------------------+-------+-------+-------++-------
Melee: Rapier            |    98 |    83 |       ||   181
       Mace              |    12 |       |       ||    12
       Flail             |       |   128 |   291 ||   419
       Dagger            |       |       |     4 ||     4
       Morningstar       |       |       |    18 ||    18
       Dire flail        |       |       |    10 ||    10
Throw: Dart              |       |    28 |    96 ||   124
       Boomerang         |       |    34 |    16 ||    50
Invok: Potion Petition   |       |       |     2 ||     2
  Use: Scroll            |       |       |    10 ||    10
       Potion            |       |       |     8 ||     8
 Stab: Sleeping          |       |     2 |       ||     2
Armor: Robe              |    38 |   108 |   110 ||   256
       Skin              |       |       |     6 ||     6
Dodge: Dodged            |    52 |   162 |   142 ||   356
